[Event "Titled Tuesday Blitz June 14 Early 2022"]
[White "Tarigan, Gilbert Elroy"]
[Black "Durarbayli, Vasif"]
[WhiteFideId "7108133"]
[BlackFideId "13402935"]
[WhiteElo "1908"]
[BlackElo "2528"]
[Result "1/2-1/2"]
[Round "04"]
[TimeControl "180+1"]
[Date "2022.06.14"]
[WhiteClock "0:00:30"]
[BlackClock "0:00:10"]

1. e4 e5 2. Nf3 Nc6 3. d4 exd4 4. Nxd4 Nf6 5. Nxc6 bxc6 6. e5 Nd5 7. c4 Nb6 8. Bd3 d5 9. exd6 cxd6 10. O-O Be7 11. Qc2 h6 12. Nc3 O-O 13. Ne4 d5 14. Ng3 Bf6 15. cxd5 cxd5 16. Bd2 Bg4 17. Rac1 Qd7 18. h3 Rfc8 19. Qb1 Be6 20. b3 Be7 21. Nf5 Bf6 22. Rxc8+ Rxc8 23. Rc1 Nc4 24. bxc4 dxc4 25. Nxh6+ gxh6 26. Bh7+ Kg7 27. Bc3 Bxc3 28. Rxc3 Rc5 29. h4 Qd4 30. Rg3+ Kf6 31. Rf3+ Kg7 32. Rg3+ Kf6 33. Rf3+ Kg7 34. Rg3+ 1/2-1/2


[Site "https://www.chess.com"]

[Event "Titled Tuesday Blitz June 14 Early 2022"]
[White "Terry, Renato"]
[Black "Beerdsen, Thomas"]
[WhiteFideId "3803457"]
[BlackFideId "1030108"]
[WhiteElo "2577"]
[BlackElo "2585"]
[Result "0-1"]
[Round "04"]
[TimeControl "180+1"]
[Date "2022.06.14"]
[WhiteClock "0:00:02"]
[BlackClock "0:00:05"]

1. d4 h6 2. e4 g5 3. h4 g4 4. Qxg4 d5 5. Qe2 dxe4 6. Qxe4 Nf6 7. Qd3 Nc6 8. Nf3 Bg4 9. c3 Qd5 10. Bf4 O-O-O 11. Nbd2 Rg8 12. Qc4 Qf5 13. Bg3 Nd5 14. O-O-O e6 15. Bd3 Qh5 16. Be2 Kb8 17. Rde1 Nb6 18. Qb3 Na5 19. Qb5 Rd5 20. Qe8+ Nc8 21. Ne5 Bxe2 22. Nd7+ Rxd7 23. Qxd7 Bd6 24. Bxd6 Nxd6 25. f3 Bb5 26. Qe7 Qd5 27. b3 Nc6 28. Qf6 Ba6 29. Qxh6 Qa5 30. Kb2 Nb5 31. Qe3 Qa3+ 32. Ka1 Na5 33. g4 b6 34. Rc1 Bb7 35. Kb1 f5 36. Rhg1 Rf8 37. g5 Nd6 38. Qd3 Nc6 39. Qc2 Ba6 40. g6 Ne7 41. g7 Rg8 42. h5 Ne8 43. h6 Nf6 44. Ka1 Qd6 45. Rce1 Bb7 46. Nc4 Qf4 47. Qd2 Qh4 48. Rxe6 Ned5 49. Ne5 Bc8 50. Rc6 Kb7 51. Rc4 f4 52. Re1 Qxh6 53. Ra4 Ne3 54. c4 Rxg7 55. c5 Nfd5 56. c6+ Kb8 57. Ra3 Qh7 58. Kb2 Rg2 59. Re2 Rg1 60. Re1 Rxe1 61. Qxe1 Qc2+ 62. Ka1 Qg2 63. Kb1 Bf5+ 64. Ka1 Nc2+ 65. Kb2 Nxe1+ 0-1


[Site "https://www.chess.com"]

[Event "Titled Tuesday Blitz June 14 Early 2022"]
[White "Volkov, Maksim"]
[Black "Svane, Rasmus"]
[WhiteFideId "54123070"]
[BlackFideId "4657101"]
[WhiteElo "2155"]
[BlackElo "2674"]
[Result "0-1"]
[Round "04"]
[TimeControl "180+1"]
[Date "2022.06.14"]
[WhiteClock "0:00:03"]
[BlackClock "0:00:16"]

1. d4 d5 2. c4 e6 3. Nf3 a6 4. g3 dxc4 5. Bg2 b5 6. Ne5 c6 7. Nxc6 Qb6 8. Na5 Ra7 9. Bd2 Nf6 10. e3 Nd5 11. b3 Rc7 12. bxc4 bxc4 13. Bxd5 exd5 14. O-O Be7 15. e4 dxe4 16. Bc3 O-O 17. Nd2 Qb5 18. Nxe4 Be6 19. Re1 Nc6 20. Rb1 Qf5 21. Nb7 h5 22. Nbc5 Bd5 23. f3 Bxc5 24. dxc5 Rd8 25. Qe2 Bxe4 26. fxe4 Qxc5+ 27. Kg2 Nd4 28. Qb2 Nb5 29. Bb4 c3 30. Qb3 Rd2+ 31. Kh3 Qg5 0-1


[Site "https://www.chess.com"]

[Event "Titled Tuesday Blitz June 14 Early 2022"]
[White "Yang, Kaiqi"]
[Black "Livaic, Leon"]
[WhiteFideId "8604398"]
[BlackFideId "14531534"]
[WhiteElo "2373"]
[BlackElo "2540"]
[Result "1-0"]
[Round "04"]
[TimeControl "180+1"]
[Date "2022.06.14"]
[WhiteClock "0:01:30"]
[BlackClock "0:00:39"]

1. d4 Nf6 2. c4 g6 3. Nc3 c5 4. d5 e6 5. e4 exd5 6. cxd5 d6 7. f4 Bg7 8. Bb5+ Nfd7 9. a4 O-O 10. Nf3 Na6 11. O-O Nb4 12. Kh1 a6 13. Bxd7 Bxd7 14. f5 gxf5 15. Bg5 f6 16. Bf4 Re8 17. Nd2 Bf8 18. Qh5 Qe7 19. Rf3 Qf7 20. Rg3+ Bg7 21. Qh4 Kh8 22. Bxd6 fxe4 23. Ndxe4 Bf5 24. Rf1 Bg6 25. Bxc5 Nxd5 26. Nd6 Qe6 27. Nxe8 Bxe8 28. Nxd5 Qxd5 29. Rxg7 Qd3 30. Qxf6 1-0


[Site "https://www.chess.com"]

[Event "Titled Tuesday Blitz June 14 Early 2022"]
[White "Yilmaz, Mustafa"]
[Black "Papp, Levente"]
[WhiteFideId "6302718"]
[BlackFideId "751243"]
[WhiteElo "2568"]
[BlackElo "2308"]
[Result "1-0"]
[Round "04"]
[TimeControl "180+1"]
[Date "2022.06.14"]
[WhiteClock "0:00:03"]
[BlackClock "0:00:06"]

1. c4 e6 2. Nc3 Nf6 3. e4 c5 4. e5 Ng8 5. Nf3 Nc6 6. d4 cxd4 7. Nxd4 Nxe5 8. Ndb5 f6 9. Be3 a6 10. Nd6+ Bxd6 11. Qxd6 Ne7 12. Bb6 Nf5 13. Qb4 Nc6 14. Qc5 Qe7 15. O-O-O Qxc5 16. Bxc5 d6 17. Bb6 Ke7 18. f4 Nb8 19. g4 Nh6 20. Bc7 Nxg4 21. Rg1 Ne3 22. Rd3 Nxf1 23. Rxg7+ Kf8 24. Rg1 Nxh2 25. Bxd6+ Kf7 26. Rdg3 e5 27. Rg7+ Ke6 28. fxe5 fxe5 29. Ne4 Nc6 30. Rh1 Kf5 31. Ng3+ Ke6 32. Bc7 h5 33. Rxh2 h4 34. Ne4 Nd4 35. Nc5+ Kf6 36. Rg1 Bf5 37. Rf2 Rac8 38. Ne4+ Ke6 39. Ng5+ Kf6 40. Ne4+ Ke6 41. Nc5+ Kf6 42. Bd6 h3 43. Re1 Rxc5 44. Bxc5 Ne6 45. Bd6 e4 46. Rxe4 h2 47. Bxh2 Kg6 48. Rg2+ Kf7 49. Re3 Nc5 50. Rf2 Kg6 51. Rg3+ Kf6 52. Rgf3 Rh5 53. Bd6 Ne4 54. Rd2 Nxd2 55. Kxd2 Rh2+ 56. Bxh2 1-0


[Site "https://www.chess.com"]

[Event "Titled Tuesday Blitz June 14 Early 2022"]
[White "Zhigalko, Sergei"]
[Black "Tatarinov, Dmitry"]
[WhiteFideId "13502956"]
[BlackFideId "24160067"]
[WhiteElo "2662"]
[BlackElo "2302"]
[Result "1-0"]
[Round "04"]
[TimeControl "180+1"]
[Date "2022.06.14"]
[WhiteClock "0:00:03"]
[BlackClock "0:00:02"]

1. e4 c6 2. d4 d5 3. e5 Bf5 4. Nf3 e6 5. Be2 Nd7 6. O-O Ne7 7. Nbd2 Bg6 8. Nh4 Nf5 9. Nxg6 hxg6 10. Nf3 Be7 11. g3 Qc7 12. c3 O-O-O 13. Bf4 Kb8 14. h4 Ka8 15. b4 Nb6 16. a4 Nc4 17. Qb3 Bxh4 18. gxh4 Nxh4 19. Nxh4 Rxh4 20. Bg3 Qe7 21. Bxc4 dxc4 22. Qxc4 Rdh8 23. Kg2 Rh2+ 24. Kf3 R8h3 25. Rae1 Qg5 26. Re4 Qh5+ 27. Ke3 Qf5 28. Rf4 Qc2 29. Qd3 Qb3 30. Rxf7 a6 31. Rf3 Ka7 32. b5 axb5 33. axb5 cxb5 34. d5 exd5 35. e6 1-0


[Site "https://www.chess.com"]

[Event "Titled Tuesday Blitz June 14 Early 2022"]
[White "Adla, Diego"]
[Black "Samadov, Read"]
[WhiteFideId "100072"]
[BlackFideId "13417444"]
[WhiteElo "2377"]
[BlackElo "2084"]
[Result "1/2-1/2"]
[Round "05"]
[TimeControl "180+1"]
[Date "2022.06.14"]
[WhiteClock "0:00:14"]
[BlackClock "0:00:04"]

1. c4 e5 2. Nc3 Nf6 3. Nf3 Nc6 4. e4 Bb4 5. d3 d6 6. Be2 O-O 7. O-O h6 8. Ne1 Nd4 9. Nc2 Nxc2 10. Qxc2 c6 11. Kh1 Bc5 12. f4 exf4 13. Bxf4 Be6 14. Rad1 Bd4 15. Bf3 Ng4 16. h3 Qh4 17. Bxg4 Bxg4 18. Rde1 Rad8 19. Bh2 Be6 20. Ne2 Be5 21. Nf4 Qe7 22. b3 Qd7 23. Qd2 c5 24. Rf3 Rde8 25. Ref1 Kh7 26. Bg1 Bxf4 27. Rxf4 b6 28. d4 f6 29. Rd1 Qe7 30. Bh2 Bf7 31. Rf2 Qxe4 32. Bxd6 Rg8 33. dxc5 bxc5 34. Bxc5 Rd8 35. Qc1 Bg6 36. Re1 Qc6 37. Be3 Rd3 38. Rd2 Rgd8 39. Red1 Rxe3 40. Rxd8 Rxh3+ 41. Kg1 Qc5+ 42. R8d4 Rg3 43. Qf4 Rg5 44. Qd6 Qf5 45. R4d2 Qh3 46. Qd4 Rg4 47. Qf2 Be4 48. Re1 Bxg2 49. Qxg2 Rxg2+ 50. Rxg2 Qc3 51. Ree2 g5 52. Rc2 Qe1+ 53. Kh2 Qh4+ 54. Kg1 Qe1+ 55. Kh2 h5 56. c5 Qh4+ 57. Kg1 Qe1+ 58. Kh2 Qh4+ 59. Kg1 Qe1+ 60. Kh2 1/2-1/2


[Site "https://www.chess.com"]

[Event "Titled Tuesday Blitz June 14 Early 2022"]
[White "Babazada, Khazar"]
[Black "Rozman, Levy"]
[WhiteFideId "13413554"]
[BlackFideId "2039877"]
[WhiteElo "2406"]
[BlackElo "2376"]
[Result "1-0"]
[Round "05"]
[TimeControl "180+1"]
[Date "2022.06.14"]
[WhiteClock "0:01:10"]
[BlackClock "0:00:15"]

1. e4 d5 2. exd5 Nf6 3. Nc3 Nxd5 4. Nf3 Nxc3 5. bxc3 g6 6. d4 Bg7 7. Bc4 O-O 8. O-O c5 9. h3 Nc6 10. Be3 Qa5 11. Qe1 Bf5 12. Rb1 Qc7 13. Qe2 Be4 14. Ng5 Bf5 15. Rb5 cxd4 16. Rxf5 dxe3 17. Rxf7 Rxf7 18. Bxf7+ Kh8 19. Bb3 h6 20. Ne6 Qe5 21. fxe3 Na5 22. Nf4 Qd6 23. Bf7 g5 24. Ng6+ Kh7 25. Qf3 1-0


[Site "https://www.chess.com"]

[Event "Titled Tuesday Blitz June 14 Early 2022"]
[White "Csonka, Balazs"]
[Black "Aravindh, Chithambaram VR."]
[WhiteFideId "742910"]
[BlackFideId "5072786"]
[WhiteElo "2404"]
[BlackElo "2577"]
[Result "1-0"]
[Round "05"]
[TimeControl "180+1"]
[Date "2022.06.14"]
[WhiteClock "0:00:06"]
[BlackClock "0:00:03"]

1. e4 g6 2. d4 Bg7 3. c4 d6 4. Nc3 Nf6 5. Be2 O-O 6. Be3 b6 7. h3 Bb7 8. Qc2 Nc6 9. Nf3 e5 10. d5 Ne7 11. O-O Nh5 12. Rfe1 Bc8 13. b4 Nf4 14. Bf1 f5 15. Bxf4 exf4 16. e5 dxe5 17. Nxe5 g5 18. c5 Ng6 19. Nxg6 hxg6 20. Rad1 g4 21. d6 gxh3 22. Re7 bxc5 23. Qb3+ Kh8 24. Nd5 h2+ 25. Kh1 Qxd6 26. Qh3+ Kg8 27. Bc4 Rf7 28. Rxf7 Be6 29. Nf6+ Kxf7 30. Rxd6 cxd6 31. Bxe6+ Kxe6 32. Nh7 Rh8 33. Qb3+ Ke7 34. Ng5 Kf6 35. Qf7+ Kxg5 36. Qxg7 Re8 37. Kxh2 cxb4 38. Qd7 Re2 39. Qd8+ Kg4 40. f3+ Kh5 41. Kh3 Kh6 42. Qh8+ Kg5 43. Qh4# 1-0


[Site "https://www.chess.com"]

[Event "Titled Tuesday Blitz June 14 Early 2022"]
[White "De Silva, L M S T"]
[Black "Morefield, Jason"]
[WhiteFideId "9953698"]
[BlackFideId "30920825"]
[WhiteElo "1631"]
[BlackElo "2171"]
[Result "1-0"]
[Round "05"]
[TimeControl "180+1"]
[Date "2022.06.14"]
[WhiteClock "0:00:35"]
[BlackClock "0:00:04"]

1. e4 d6 2. d4 Nf6 3. Bd3 e5 4. c3 g6 5. Nf3 Bg7 6. dxe5 dxe5 7. O-O Nbd7 8. Bc2 O-O 9. Qe2 Qe7 10. a4 a5 11. Rd1 b6 12. Na3 Nc5 13. Bg5 Ne6 14. Be3 Ng4 15. Bc1 Nf4 16. Bxf4 exf4 17. Bb3 Bb7 18. Bd5 c6 19. Bb3 Kh8 20. h3 Ne5 21. Nxe5 Bxe5 22. Nc4 Bc7 23. e5 Rad8 24. Qf3 Bxe5 25. Nxb6 Qc7 26. Nc4 c5 27. Qe2 Rxd1+ 28. Rxd1 Re8 29. Nd6 f3 30. Qb5 Re7 31. Nxf7+ Rxf7 32. Qe8+ Kg7 33. Qxf7+ Qxf7 34. Bxf7 fxg2 35. Bd5 Bc8 36. Kxg2 Bf5 37. Bc6 Kf6 38. f3 Bc2 39. Rd2 Bb3 40. Rd7 h5 41. Ra7 Bf4 42. Rxa5 c4 43. Rd5 Bc1 44. a5 Bxb2 45. a6 Bxc3 46. a7 Be5 47. a8=Q c3 48. Qf8+ Kg5 49. Rxe5+ Kh4 50. Qf4# 1-0


[Site "https://www.chess.com"]

[Event "Titled Tuesday Blitz June 14 Early 2022"]
[White "Dubov, Daniil"]
[Black "Beerdsen, Thomas"]
[WhiteFideId "24126055"]
[BlackFideId "1030108"]
[WhiteElo "2791"]
[BlackElo "2585"]
[Result "1-0"]
[Round "05"]
[TimeControl "180+1"]
[Date "2022.06.14"]
[WhiteClock "0:01:29"]
[BlackClock "0:00:51"]

1. c4 g5 2. Nc3 Bg7 3. d4 g4 4. e4 h5 5. Be3 c5 6. dxc5 Nc6 7. Nge2 h4 8. Qd2 Nf6 9. Nd4 Nxd4 10. Bxd4 Qa5 11. e5 Nh5 12. Be2 d6 13. exd6 e5 14. Be3 f5 15. Nd5 Qxd2+ 16. Bxd2 O-O 17. h3 Nf6 18. hxg4 Nxd5 19. cxd5 fxg4 20. Rxh4 1-0


[Site "https://www.chess.com"]

[Event "Titled Tuesday Blitz June 14 Early 2022"]
[White "Durarbayli, Vasif"]
[Black "Dimitrov, Atanas"]
[WhiteFideId "13402935"]
[BlackFideId "2901315"]
[WhiteElo "2528"]
[BlackElo "2731"]
[Result "1-0"]
[Round "05"]
[TimeControl "180+1"]
[Date "2022.06.14"]
[WhiteClock "0:00:04"]
[BlackClock "0:00:02"]

1. e4 c5 2. Nf3 d6 3. Bb5+ Bd7 4. a4 Nf6 5. Qe2 e6 6. O-O Be7 7. d4 cxd4 8. Nxd4 O-O 9. Nc3 a6 10. Bd3 Nc6 11. Nxc6 Bxc6 12. f4 e5 13. Kh1 Re8 14. fxe5 dxe5 15. Bc4 Rc8 16. Bg5 Rf8 17. Rad1 Nd7 18. Be3 Qe8 19. Qh5 Nf6 20. Qxe5 Bb4 21. Qg3 Bxc3 22. bxc3 Nxe4 23. Qh3 Kh8 24. Bd4 f6 25. Rde1 Qg6 26. Bd3 f5 27. Rf4 Rce8 28. Ref1 h6 29. Kg1 Nd2 30. Rxf5 Rxf5 31. Rxf5 Qe6 32. Rf8+ Rxf8 33. Qxe6 Be4 34. Qxh6+ Kg8 35. Qxg7# 1-0


[Site "https://www.chess.com"]

[Event "Titled Tuesday Blitz June 14 Early 2022"]
[White "Fedoseev, Vladimir"]
[Black "Daneshvar, Bardiya"]
[WhiteFideId "24130737"]
[BlackFideId "12576468"]
[WhiteElo "2726"]
[BlackElo "2303"]
[Result "1-0"]
[Round "05"]
[TimeControl "180+1"]
[Date "2022.06.14"]
[WhiteClock "0:00:05"]
[BlackClock "0:00:02"]

1. e4 c6 2. d4 d5 3. e5 Bf5 4. Nf3 e6 5. Be2 c5 6. c3 Nc6 7. O-O cxd4 8. cxd4 Nge7 9. Nc3 Bg6 10. Nh4 Nf5 11. Nxf5 Bxf5 12. Be3 Bb4 13. Na4 O-O 14. Rc1 f6 15. exf6 Qxf6 16. Bb5 Rac8 17. Nc5 Bxc5 18. Rxc5 Qg6 19. Kh1 Nb4 20. Qd2 Rxc5 21. dxc5 Nc6 22. Bxc6 bxc6 23. Bd4 Bd3 24. Rg1 Qe4 25. Qe3 Qxe3 26. Bxe3 e5 27. f3 a5 28. Rd1 e4 29. fxe4 Bxe4 30. Kg1 a4 31. Bd4 h5 32. Bc3 h4 33. h3 g5 34. Rd4 a3 35. bxa3 Kf7 36. a4 Rb8 37. a5 Rb1+ 38. Kf2 Rc1 39. Bd2 Rc2 40. a4 Rb2 41. a6 Rb8 42. Rb4 Ra8 43. Rb7+ Ke6 44. a7 d4 45. Ba5 Kd5 46. Bb6 d3 47. Rb8 d2 48. Rxa8 1-0


[Site "https://www.chess.com"]

[Event "Titled Tuesday Blitz June 14 Early 2022"]
[White "Gaehwiler, Gabriel"]
[Black "Zhigalko, Sergei"]
[WhiteFideId "1314530"]
[BlackFideId "13502956"]
[WhiteElo "2383"]
[BlackElo "2662"]
[Result "1-0"]
[Round "05"]
[TimeControl "180+1"]
[Date "2022.06.14"]
[WhiteClock "0:00:05"]
[BlackClock "0:00:01"]

1. e4 c5 2. Nf3 Nc6 3. d4 cxd4 4. Nxd4 Nf6 5. Nc3 e5 6. Ndb5 d6 7. Bg5 a6 8. Na3 b5 9. Nd5 Be7 10. Bxf6 Bxf6 11. c4 b4 12. Nc2 O-O 13. g3 a5 14. b3 Bg5 15. Bg2 Ne7 16. O-O Nxd5 17. Qxd5 Be6 18. Qd3 Qb6 19. Kh1 Rad8 20. f4 exf4 21. gxf4 Bf6 22. Rad1 Rfe8 23. Ne3 Qc5 24. Nd5 Bxd5 25. Qxd5 Bc3 26. e5 Qxd5 27. Bxd5 Kf8 28. exd6 Rxd6 29. c5 Rf6 30. c6 Rc8 31. Bg2 g6 32. Rd7 Ke8 33. Rfd1 Re6 34. Bd5 Re7 35. Bf3 h5 36. Kg2 f5 37. R1d3 Rc7 38. Rd8+ Kf7 39. Bd5+ Kg7 40. Rg8+ Kh7 41. Rb8 Re2+ 42. Kf3 Ree7 43. Rb7 Kg7 44. Re3 Kf6 45. Rxc7 Rxc7 46. Re6+ Kg7 47. Rd6 Kf8 48. Rxg6 Ke7 49. Re6+ Kd8 50. Rh6 Ke7 51. Ke3 h4 52. Re6+ Kd8 53. Kd3 Rg7 54. Kc4 1-0


[Site "https://www.chess.com"]

[Event "Titled Tuesday Blitz June 14 Early 2022"]
[White "Goltsev, Dmitry"]
[Black "Lazavik, Denis"]
[WhiteFideId "24176710"]
[BlackFideId "13515110"]
[WhiteElo "2258"]
[BlackElo "2437"]
[Result "0-1"]
[Round "05"]
[TimeControl "180+1"]
[Date "2022.06.14"]
[WhiteClock "0:02:40"]
[BlackClock "0:02:21"]

1. e4 c5 2. Nf3 e6 3. d4 cxd4 4. Nxd4 Nc6 5. Nc3 Qc7 6. Be2 a6 7. O-O Nf6 8. Be3 Be7 9. f4 d6 10. Bf3 O-O 11. g4 Nd7 12. Qe2 Nxd4 13. Bxd4 b5 14. e5 Bb7 15. exd6 Bxd6 16. Bxb7 Qxb7 17. Ne4 Be7 18. f5 e5 19. Be3 Qxe4 0-1


[Site "https://www.chess.com"]

[Event "Titled Tuesday Blitz June 14 Early 2022"]
[White "Hakobyan, Aram"]
[Black "Maximov, Dmitry"]
[WhiteFideId "13306677"]
[BlackFideId "14105659"]
[WhiteElo "2557"]
[BlackElo "2494"]
[Result "1-0"]
[Round "05"]
[TimeControl "180+1"]
[Date "2022.06.14"]
[WhiteClock "0:00:07"]
[BlackClock "0:00:04"]

1. d4 Nf6 2. Nf3 g6 3. Nc3 d5 4. Bf4 c6 5. e3 Bg7 6. Be2 O-O 7. h4 Nbd7 8. Ne5 Nxe5 9. Bxe5 h5 10. f3 Ne8 11. Bxg7 Nxg7 12. g4 e5 13. Qd2 exd4 14. exd4 b5 15. O-O-O a5 16. Bd3 Qf6 17. Ne2 b4 18. Nf4 hxg4 19. fxg4 Bxg4 20. Rdg1 Bf3 21. Rh3 Qxd4 22. Qh2 Bh5 23. Nxh5 Nxh5 24. Rf3 Rae8 25. Qg2 Re6 26. Qg5 Rfe8 27. Rff1 Kg7 28. Rxf7+ Kxf7 29. Bxg6+ Rxg6 30. Qxg6+ Kf8 31. Qg8+ Ke7 32. Re1+ Kd6 33. Qxe8 Qf4+ 34. Kb1 Qxh4 35. Re6+ Kc5 36. Qxc6+ Kd4 37. c3+ Kd3 38. Qxd5+ 1-0


[Site "https://www.chess.com"]

[Event "Titled Tuesday Blitz June 14 Early 2022"]
[White "Harvey, Marcus R"]
[Black "Steinberg, Nitzan"]
[WhiteFideId "400092"]
[BlackFideId "2801795"]
[WhiteElo "2485"]
[BlackElo "2471"]
[Result "1-0"]
[Round "05"]
[TimeControl "180+1"]
[Date "2022.06.14"]
[WhiteClock "0:00:13"]
[BlackClock "0:00:03"]

1. e4 c5 2. Nf3 d6 3. d4 cxd4 4. Nxd4 Nf6 5. Nc3 a6 6. Be3 e5 7. Nb3 Be6 8. f3 Nbd7 9. Qd2 Rc8 10. g4 b5 11. g5 Nh5 12. Nd5 Bxd5 13. exd5 g6 14. Na5 Bg7 15. Nc6 Qc7 16. a4 bxa4 17. Rxa4 Nb8 18. Bxa6 Nxa6 19. Rxa6 Qb7 20. Rb6 Qd7 21. Ra6 Qb7 22. Ra7 Qxb2 23. O-O f5 24. Qa5 O-O 25. Ne7+ Kh8 26. Nxc8 Rxc8 27. Ra8 Qb7 28. Rxc8+ Qxc8 29. Rb1 Bf8 30. c4 Kg8 31. Qb5 f4 32. Bf2 e4 33. Qc6 Qh3 34. Qe8 Qxf3 35. Qe6+ Kh8 36. Bd4+ Ng7 37. Bxg7+ Kxg7 38. Rb7+ Kh8 39. Qf6+ Kg8 40. Qf7+ 1-0


[Site "https://www.chess.com"]

[Event "Titled Tuesday Blitz June 14 Early 2022"]
[White "Ivanisevic, Ivan"]
[Black "Mchedlishvili, Mikheil"]
[WhiteFideId "912417"]
[BlackFideId "13600966"]
[WhiteElo "2535"]
[BlackElo "2545"]
[Result "0-1"]
[Round "05"]
[TimeControl "180+1"]
[Date "2022.06.14"]
[WhiteClock "0:00:02"]
[BlackClock "0:00:04"]

1. d4 d5 2. c4 c6 3. Nf3 Nf6 4. g3 Bf5 5. Nc3 e6 6. Bg2 h6 7. O-O Nbd7 8. Qb3 Qb6 9. Bf4 Be7 10. c5 Qxb3 11. axb3 g5 12. Be3 a6 13. b4 Rc8 14. Nd2 Ng4 15. Nb3 Nxe3 16. fxe3 Nf6 17. b5 cxb5 18. Nxd5 Ne4 19. Nc3 Nxc3 20. bxc3 Rc7 21. Na5 Bxc5 22. dxc5 Rxc5 23. Nxb7 Rxc3 24. Rxa6 O-O 25. Nd6 Bg6 26. Nxb5 Rxe3 27. Kf2 Rb3 28. Nd6 Rd8 29. Rc1 Rb2 30. Nc4 Rb4 31. Ne5 Be4 32. Nc6 Bxc6 33. Raxc6 Kg7 34. Rc7 Rbd4 35. Rb7 R4d7 36. Rcc7 Rxc7 37. Rxc7 Rd4 38. h3 Rd6 39. Bf3 Kg6 40. e4 Rd8 41. Ke3 Rb8 42. Be2 Rb3+ 43. Bd3 Ra3 44. e5+ Kg7 45. Ke4 Ra4+ 46. Bc4 Kg8 47. g4 Ra3 48. Bd3 Ra4+ 49. Rc4 Ra3 50. Kd4 Kg7 51. Rc7 Ra4+ 52. Bc4 Kg8 53. Kc5 Ra3 54. Kd6 Rxh3 55. Bxe6 fxe6 56. Kxe6 h5 57. Kf6 hxg4 0-1


[Site "https://www.chess.com"]

[Event "Titled Tuesday Blitz June 14 Early 2022"]
[White "Jobava, Baadur"]
[Black "Puranik, Abhimanyu"]
[WhiteFideId "13601520"]
[BlackFideId "5061245"]
[WhiteElo "2617"]
[BlackElo "2520"]
[Result "1-0"]
[Round "05"]
[TimeControl "180+1"]
[Date "2022.06.14"]
[WhiteClock "0:01:50"]
[BlackClock "0:00:03"]

1. b3 d5 2. Bb2 Nf6 3. g3 Bf5 4. Bg2 e6 5. d3 c6 6. Nd2 h6 7. e4 Bh7 8. Ne2 Be7 9. O-O O-O 10. Nf4 Nbd7 11. e5 Ne8 12. Re1 a5 13. a3 b5 14. h4 Nc7 15. Qg4 Kh8 16. Nf3 Qe8 17. Qh3 c5 18. g4 f6 19. Qg3 fxe5 20. Nxe5 Bf6 21. g5 Bxe5 22. Rxe5 d4 23. gxh6 gxh6 24. Rxc5 Rg8 25. Bxd4+ e5 26. Rxe5 Qxe5 27. Bxe5+ Nxe5 28. Ng6+ Nxg6 29. Qxc7 Raf8 30. Kf1 Nxh4 31. Bd5 Rg7 32. Qd6 Re8 33. Re1 Rg1+ 34. Kxg1 Rxe1+ 35. Kh2 1-0


[Site "https://www.chess.com"]

[Event "Titled Tuesday Blitz June 14 Early 2022"]
[White "Kobalia, Mikhail"]
[Black "Svane, Rasmus"]
[WhiteFideId "4119150"]
[BlackFideId "4657101"]
[WhiteElo "2667"]
[BlackElo "2674"]
[Result "1/2-1/2"]
[Round "05"]
[TimeControl "180+1"]
[Date "2022.06.14"]
[WhiteClock "0:00:28"]
[BlackClock "0:00:07"]

1. e4 c6 2. d4 d5 3. exd5 cxd5 4. Bd3 Nc6 5. c3 Nf6 6. h3 e5 7. dxe5 Nxe5 8. Nf3 Nxd3+ 9. Qxd3 Bd6 10. O-O O-O 11. Bg5 h6 12. Bh4 g5 13. Bg3 Bxg3 14. fxg3 g4 15. hxg4 Nxg4 16. Nbd2 Re8 17. Rae1 Qb6+ 18. Qd4 Qxd4+ 19. Nxd4 Bd7 20. N2f3 Rxe1 21. Rxe1 Re8 22. Rxe8+ Bxe8 23. Nh2 Ne3 24. Nf1 Nd1 25. Nf5 Nxb2 26. N1e3 Bc6 27. Ne7+ Kf8 28. N7xd5 Nc4 29. Kf2 Nd2 30. Ke2 Ne4 31. g4 Kg7 32. Kd3 Bxd5 33. Nxd5 Nf2+ 34. Kd4 Nxg4 35. Ne7 Kf6 36. Nc8 Kg5 37. Nd6 Kf4 38. Nxb7 Kg3 39. c4 Kxg2 40. c5 Nf6 41. Nd6 Nd7 42. c6 Nb6 43. Nxf7 h5 44. Kc5 Na8 45. Kd6 h4 46. Ng5 Kg3 47. a4 Kg4 48. Ne4 Kf3 49. Ng5+ Kg4 50. Ne4 Kf4 51. Nf2 Kg3 52. Ne4+ Kf4 53. Nf2 Kg3 54. Ne4+ Kf4 1/2-1/2


[Site "https://www.chess.com"]

[Event "Titled Tuesday Blitz June 14 Early 2022"]
[White "Kollars, Dmitrij"]
[Black "Halkias, Stelios"]
[WhiteFideId "12909572"]
[BlackFideId "4201809"]
[WhiteElo "2584"]
[BlackElo "2453"]
[Result "1-0"]
[Round "05"]
[TimeControl "180+1"]
[Date "2022.06.14"]
[WhiteClock "0:00:17"]
[BlackClock "0:00:02"]

1. d4 Nf6 2. c4 g6 3. Nc3 Bg7 4. e4 d6 5. h3 O-O 6. Be3 Nc6 7. d5 Ne5 8. f4 Ned7 9. Nf3 c6 10. Bd3 cxd5 11. cxd5 b6 12. O-O Nc5 13. Bc2 a5 14. Nd4 Bb7 15. a3 Rc8 16. Qd2 a4 17. Rfe1 e6 18. dxe6 fxe6 19. Bf2 Nh5 20. f5 Be5 21. Nxa4 Nf4 22. Nf3 Nxa4 23. Bxa4 exf5 24. Nxe5 dxe5 25. Qxd8 Rfxd8 26. exf5 Bxg2 27. Rxe5 Ba8 28. Be3 Nxh3+ 29. Kh2 Rd3 30. Kxh3 b5 31. Bxb5 Rb3 32. Bd7 1-0


[Site "https://www.chess.com"]

[Event "Titled Tuesday Blitz June 14 Early 2022"]
[White "Kosakowski, Jakub"]
[Black "Cherniaiev, Tykhon"]
[WhiteFideId "1185080"]
[BlackFideId "14182360"]
[WhiteElo "2476"]
[BlackElo "2289"]
[Result "1-0"]
[Round "05"]
[TimeControl "180+1"]
[Date "2022.06.14"]
[WhiteClock "0:00:05"]
[BlackClock "0:00:01"]

1. e4 c5 2. Nf3 e6 3. d4 cxd4 4. Nxd4 a6 5. Bd3 Qc7 6. O-O Nf6 7. Qe2 Nc6 8. Nxc6 bxc6 9. Nd2 d5 10. c4 dxe4 11. Nxe4 Nxe4 12. Bxe4 Be7 13. Be3 O-O 14. Rad1 f5 15. Bc2 e5 16. f3 Be6 17. Rfe1 Rad8 18. Bf2 Bf6 19. Bc5 Rfe8 20. b3 Qa5 21. Bf2 Qxa2 22. Rxd8 Bxd8 23. Bxf5 Qxe2 24. Bxe6+ Rxe6 25. Rxe2 Kf7 26. Ra2 a5 27. Kf1 e4 28. Rd2 Bf6 29. Rd7+ Ke8 30. Rd1 e3 31. Re1 Bd4 32. Bg3 Kf7 33. Ke2 Rg6 34. Kd3 c5 35. Re2 Rb6 36. Kc2 Rb4 37. Be1 Rb6 38. Bxa5 Ra6 39. b4 Ke6 40. Kd3 Rd6 41. Ke4 Kd7 42. bxc5 Bxc5 43. Bc3 g5 44. g3 Rh6 45. f4 gxf4 46. gxf4 Rd6 47. f5 Ke7 48. Be5 Rd2 49. Kf3 Rd1 50. Bf4 Rc1 51. Bxe3 Bxe3 52. Rxe3+ Kf6 53. Re4 Kxf5 54. Rh4 Rc3+ 55. Ke2 Ke5 56. Kd2 Ra3 57. Rxh7 Kd4 58. Rh4+ Ke5 59. Ke2 Rc3 60. Kf2 Kf5 61. Kg2 Kg5 62. Rd4 Kf5 63. h4 Ke5 64. Rd5+ Ke6 65. Rd4 Ke5 66. Rg4 Kf5 67. Rg5+ Kf4 68. c5 Rc2+ 69. Kf1 Kf3 70. Ke1 Rh2 71. h5 Ke3 72. Kf1 Kf4 73. Rd5 Kf3 74. Kg1 Rg2+ 75. Kh1 Rc2 76. h6 Kg3 77. Rg5+ Kf4 78. h7 Kxg5 79. h8=Q Rxc5 80. Qd8+ Kg6 81. Qd6+ 1-0


[Site "https://www.chess.com"]

[Event "Titled Tuesday Blitz June 14 Early 2022"]
[White "Lamaze, Simon"]
[Black "Bluebaum, Matthias"]
[WhiteFideId "36069264"]
[BlackFideId "24651516"]
[WhiteElo "2090"]
[BlackElo "2556"]
[Result "0-1"]
[Round "05"]
[TimeControl "180+1"]
[Date "2022.06.14"]
[WhiteClock "0:01:24"]
[BlackClock "0:01:47"]

1. d4 Nf6 2. c4 e6 3. g3 Bb4+ 4. Bd2 a5 5. Bg2 d5 6. Nf3 O-O 7. O-O dxc4 8. Qc2 Bxd2 9. Nbxd2 b5 10. a4 c6 11. b3 cxb3 12. Nxb3 Ba6 13. Rfd1 bxa4 14. Rxa4 Bb5 15. Ra2 a4 16. Nc5 Na6 17. Nxa6 Rxa6 18. Ne5 Nd5 19. Qc5 Qe7 20. Qxe7 Nxe7 21. Nd7 Rfa8 22. Nc5 R6a7 23. Ra3 Bxe2 24. Rda1 Bb5 25. Be4 Nd5 26. Bxd5 cxd5 27. f3 g5 28. Kf2 Bc6 29. Rb1 Be8 30. Rb4 Ra5 31. Ke3 Rb5 32. Rbxa4 Rxa4 33. Nxa4 Ra5 0-1


[Site "https://www.chess.com"]